[Event "Team 45 45 League T35"]
[Site "Internet Chess Club"]
[Date "2007.11.04"]
[Round "3"]
[White "DeepHmm"]
[Black "MiroslavR"]
[Result "1-0"]
[WhiteElo "2058"]
[BlackElo "1920"]
[Opening "English opening"]
[ECO "A30"]
[Time "05:00:52"]
[TimeControl "2700+45"]

1. Nf3 Nf6 2. c4 c5 3. g3 Nc6 4. Bg2 d5 5. cxd5 Nxd5 6. O-O e5 7. Nc3 Be6 8. d3
Be7 9. Bd2 O-O 10. Ne4 f6 11. a3 Qd7 12. Rc1 b6 13. Re1 Rac8 14. Qa4 Rfd8 15.
Nc3 Nd4 16. Qxd7 Rxd7 17. Nxd4 exd4 18. Nxd5 Bxd5 19. Bh3 Rcc7 20. Bxd7 Rxd7 21.
b4 Kf7 22. f3 Bd6 23. Kf2 Bc6 24. Rc2 Ba4 25. Rb2 Bb5 26. bxc5 {Black resigns}
1-0

[Event "Team 45 45 League T35"]
[Site "Internet Chess Club"]
[Date "2007.11.04"]
[Round "3"]
[White "jonesey"]
[Black "Sleete"]
[Result "1-0"]
[WhiteElo "2032"]
[BlackElo "1991"]
[Opening "Sicilian defense"]
[ECO "B33"]
[Time "07:00:29"]
[TimeControl "2700+45"]

1. e4 c5 2. Nf3 Nc6 3. d4 cxd4 4. Nxd4 Nf6 5. Nc3 d5 6. Bb5 e5 7. Nxc6 bxc6 8.
Bxc6+ Bd7 9. Bxa8 Qxa8 10. Nxd5 Nxd5 11. Qxd5 Qxd5 12. exd5 Bf5 13. c4 Bd3 14.
b3 Kd7 15. Be3 Bb4+ 16. Bd2 Bd6 17. Bc3 Rb8 18. Rd1 Bc2 19. Ke2 Bxd1+ 20. Rxd1
f6 21. Rb1 Bb4 22. Bxb4 Rxb4 23. a3 Rb8 24. c5 f5 25. b4 g5 26. Kd3 Rf8 27. b5
g4 28. a4 Kc8 29. a5 f4 30. Ke4 f3 31. g3 h5 32. a6 h4 33. b6 axb6 34. cxb6 hxg3
35. b7+ Kb8 36. hxg3 Ka7 37. b8=Q+ Rxb8 38. Rxb8 Kxb8 39. Kxe5 Ka7 40. d6 Kxa6
41. d7 Kb5 42. d8=Q Kc4 43. Kf4 {Black resigns} 1-0

[Event "Team 45 45 League T35"]
[Site "Internet Chess Club"]
[Date "2007.11.02"]
[Round "3"]
[White "Despair"]
[Black "Raisingthebar"]
[Result "0-1"]
[WhiteElo "1899"]
[BlackElo "2092"]
[Opening "Clemenz (Mead's, Basman's or de Klerk's) opening"]
[ECO "A00"]
[Time "22:01:25"]
[TimeControl "2700+45"]

1. h3 d5 2. g4 e5 3. Bg2 h5 4. d4 e4 5. g5 h4 6. c4 c6 7. Nc3 Na6 8. cxd5 cxd5
9. Qb3 Nc7 10. Bf4 Bd6 11. Bxd6 Qxd6 12. Nb5 Nxb5 13. Qxb5+ Bd7 14. Qb3 Bc6 15.
e3 Ne7 16. Ne2 Rh5 17. f4 exf3 18. Bxf3 Rxg5 19. O-O-O Qd7 20. Qd3 Ng6 21. Nc3
Rc8 22. Kb1 b5 23. e4 dxe4 24. Nxe4 Bxe4 25. Qxe4+ Kf8 26. Bg4 f5 27. Rhf1 Re8
28. Qe3 Rxe3 {White resigns} 0-1

[Event "Team 45 45 League T35"]
[Site "Internet Chess Club"]
[Date "2007.11.02"]
[Round "3"]
[White "MaunaKeaMike"]
[Black "kolibandi"]
[Result "1/2-1/2"]
[WhiteElo "1860"]
[BlackElo "2028"]
[Opening "Réti: King's Indian attack"]
[ECO "A05"]
[Time "02:00:38"]
[TimeControl "2700+45"]

1. Nf3 Nf6 2. g3 g6 3. Bg2 Bg7 4. d3 d5 5. Nbd2 O-O 6. O-O c6 7. e4 dxe4 8. dxe4
Qc7 9. c3 Nbd7 10. Qc2 e5 11. a4 Re8 12. Re1 b6 {Game drawn by mutual agreement}
1/2-1/2

[Event "Team 45 45 League T35"]
[Site "Internet Chess Club"]
[Date "2007.11.02"]
[Round "3"]
[White "vvsi"]
[Black "Mater"]
[Result "1/2-1/2"]
[WhiteElo "1752"]
[BlackElo "1682"]
[Opening "Levitsky attack (Queen's bishop attack)"]
[ECO "D00"]
[Time "22:59:51"]
[TimeControl "2700+45"]

1. d4 d5 2. Bg5 g6 3. e3 Bg7 4. Nf3 c5 5. c3 cxd4 6. cxd4 Nf6 7. Bb5+ Bd7 8. Qb3
a6 9. Bd3 b5 10. Bxf6 Bxf6 11. Qxd5 Qa5+ 12. Nbd2 Bc6 13. Qb3 Bxf3 14. gxf3 Nd7
15. Rc1 O-O 16. Ke2 Rfc8 17. Rc2 Rxc2 18. Bxc2 Nb6 19. h4 Qa4 20. h5 Qxb3 21.
axb3 e5 22. hxg6 fxg6 23. dxe5 Bxe5 24. Ne4 Bxb2 25. Ng5 Ra7 26. Rd1 Rd7 27. Bd3
Nd5 28. Ne4 Rc7 29. Rd2 Ba3 30. Kf1 Bb4 31. Rd1 Rc6 32. Kg2 Kg7 33. Kg3 Ne7 34.
f4 h5 35. Ng5 Rc3 36. Be4 Rxb3 37. Bb7 a5 38. Ba6 Ba3 39. Ne6+ Kf6 40. Nd4 Nf5+
41. Nxf5 gxf5 42. Rd5 b4 43. Rxa5 Rc3 44. Rb5 b3 45. Rd5 b2 46. Rb5 Rc5 47. Rb6+
Ke7 48. Bd3 Rd5 49. Bb1 Rd1 50. Bxf5 Rg1+ 51. Kf3 h4 52. Ra6 Bc5 53. Rc6 h3 54.
Rh6 b1=Q 55. Bxb1 Rxb1 56. Rxh3 Rb3 57. Rh6 Kf7 58. Rc6 Be7 59. f5 Rb2 60. Rg6
Bh4 61. Rg2 Kf6 62. e4 Rb3+ 63. Kg4 Ke5 64. Kxh4 Kxe4 65. Rg3 Rb2 66. Rg4+ {Game
drawn by mutual agreement} 1/2-1/2

[Event "Team 45 45 League T35"]
[Site "Internet Chess Club"]
[Date "2007.11.03"]
[Round "3"]
[White "FiendAngelical"]
[Black "lupinus"]
[Result "1-0"]
[WhiteElo "1830"]
[BlackElo "1631"]
[Opening "Ruy Lopez: Classical defense deferred"]
[ECO "C70"]
[Time "13:06:22"]
[TimeControl "2700+45"]

1. e4 e5 2. Nf3 Nc6 3. Bb5 a6 4. Ba4 Bc5 5. O-O b5 6. Bb3 Nf6 7. c3 d6 8. a4 Bg4
9. h3 Bh5 10. d3 Na5 11. Bc2 Bb6 12. Re1 h6 13. Nbd2 O-O 14. Nf1 Qd7 15. Ng3 Bg6
16. Nh4 c6 17. Nhf5 Kh7 18. b4 Nb7 19. Be3 Bd8 20. Kh1 Ng8 21. f4 Bf6 22. fxe5
Bxe5 23. d4 Bf6 24. Bf4 Qd8 25. Qf3 d5 26. e5 Bg5 27. Qg4 Bxf4 28. Qxf4 Kh8 29.
a5 Qd7 30. Bd1 Rae8 31. Bg4 Qc7 32. Nd6 Re7 33. Ngf5 Bxf5 34. Bxf5 Nd8 35. Bg4
Ne6 36. Bxe6 Rxe6 37. Rf1 Re7 38. Nf5 Re6 39. Qg4 Rg6 40. Qf3 Re6 41. Nh4 Qe7
42. Qg4 Qe8 43. Rf2 Ne7 44. Raf1 Ng6 45. Nxg6+ Rxg6 46. Qxg6 fxg6 47. Rxf8+ Qxf8
48. Rxf8+ Kh7 49. e6 {Black resigns} 1-0

[Event "Team 45 45 League T35"]
[Site "Internet Chess Club"]
[Date "2007.11.02"]
[Round "3"]
[White "AntonioMendonca"]
[Black "siddhu"]
[Result "1-0"]
[WhiteElo "1665"]
[BlackElo "1801"]
[Opening "English: Caro-Kann defensive system"]
[ECO "A11"]
[Time "06:25:47"]
[TimeControl "2700+45"]

1. c4 c6 2. g3 d5 3. Bg2 Nf6 4. Nf3 Bf5 5. cxd5 cxd5 6. Qb3 Qd7 7. Nc3 e6 8. d3
Nc6 9. Bf4 a6 10. a4 Bd6 11. Bxd6 Qxd6 12. Qxb7 Rb8 13. Qxa6 Nb4 14. Qxd6 {Black
resigns} 1-0

[Event "Team 45 45 League T35"]
[Site "Internet Chess Club"]
[Date "2007.11.04"]
[Round "3"]
[White "parrot9"]
[Black "MPknight"]
[Result "1-0"]
[WhiteElo "1667"]
[BlackElo "1625"]
[Opening "Sicilian: Scheveningen variation"]
[ECO "B80"]
[Time "15:54:54"]
[TimeControl "2700+45"]

1. e4 c5 2. Nf3 d6 3. d4 cxd4 4. Nxd4 Nf6 5. Nc3 e6 6. f3 Be7 7. Be3 a6 8. Qd2
O-O 9. O-O-O h6 10. g4 Nh7 11. Bd3 Nc6 12. Kb1 Nxd4 13. Bxd4 e5 14. Be3 Bg5 15.
Nd5 Bxe3 16. Qxe3 Be6 17. h4 Bxd5 18. exd5 Qf6 19. Rdg1 Qf4 20. Qb6 Rab8 21.
Bxh7+ Kxh7 22. g5 h5 23. Qxd6 g6 24. Re1 Qxf3 25. Rhf1 Qh3 26. Qxe5 Qxh4 27. Qe7
Kg8 28. d6 Rbd8 29. Rd1 Qh3 30. Rxf7 Rxf7 31. Qxd8+ Rf8 32. Qe7 Qf1 33. Qe6+ Kh8
34. Qe5+ Kg8 35. Qd5+ Kh7 36. d7 Rf5 37. d8=Q Rxd5 38. Qxd5 {Black resigns} 1-0

[Event "Team 45 45 League T35"]
[Site "Internet Chess Club"]
[Date "2007.11.04"]
[Round "3"]
[White "Razorbackchess"]
[Black "hualpe"]
[Result "0-1"]
[WhiteElo "1859"]
[BlackElo "1836"]
[Opening "English, 1...Nf6 (Anglo-Indian defense)"]
[ECO "A15"]
[Time "18:06:49"]
[TimeControl "2700+45"]

1. c4 Nf6 2. g3 d5 3. Bg2 c6 4. Nf3 g6 5. b3 Bg7 6. Bb2 dxc4 7. bxc4 Qb6 8. Qb3
Be6 9. Qxb6 axb6 10. d3 Na6 11. O-O Nc5 12. Nbd2 O-O 13. Ng5 Bg4 14. f3 Bd7 15.
Bd4 Ra5 16. Bc3 Ra6 17. Bb4 h6 18. Bxc5 bxc5 19. Nh3 Rfa8 20. Nb3 b6 21. Nc1 Ne4
22. Rb1 Nd2 23. Rb3 Nxb3 24. axb3 Bd4+ 25. Kh1 Ra1 26. b4 cxb4 27. Nb3 Rxf1+ 28.
Bxf1 c5 29. Nf4 Ra3 30. Nxd4 cxd4 31. Nd5 Ra1 32. Kg2 b3 {White resigns} 0-1

[Event "Team 45 45 League T35"]
[Site "Internet Chess Club"]
[Date "2007.11.06"]
[Round "3"]
[White "mambomex"]
[Black "Changuito-77"]
[Result "1-0"]
[WhiteElo "1798"]
[BlackElo "1793"]
[Opening "Danish gambit: Sorensen defense"]
[ECO "C21"]
[Time "13:35:52"]
[TimeControl "2700+45"]

1. e4 e5 2. d4 exd4 3. c3 d5 4. exd5 Qxd5 5. cxd4 Nf6 6. Nf3 Bg4 7. Nc3 Qe6+ 8.
Be3 c6 9. Be2 Be7 10. O-O O-O 11. h3 Bf5 12. Re1 Qc8 13. Rc1 Be6 14. b3 Ba3 15.
Rc2 Bb4 16. Bd3 Bf5 17. Bg5 Bxd3 18. Qxd3 Qd8 19. Ne5 Qd6 20. Bxf6 Qxf6 21. Rce2
Rd8 22. Ng4 Qg6 23. Re8+ Rxe8 24. Rxe8+ Bf8 25. Qc4 Qd6 26. Ne5 Qf6 27. Qc5 Na6
{Black resigns} 1-0

[Event "Team 45 45 League T35"]
[Site "Internet Chess Club"]
[Date "2007.11.04"]
[Round "3"]
[White "chipionero"]
[Black "Electryon"]
[Result "0-1"]
[WhiteElo "1692"]
[BlackElo "1653"]
[Opening "QGD Slav: Dutch variation"]
[ECO "D18"]
[Time "15:06:58"]
[TimeControl "2700+45"]

1. d4 d5 2. c4 c6 3. Nc3 dxc4 4. a4 Nf6 5. Nf3 Bf5 6. e3 e6 7. Bxc4 Nbd7 8. O-O
Bd6 9. Qe2 Ne4 10. Nxe4 Bxe4 11. Bd3 Nf6 12. Bd2 O-O 13. Rfd1 Rc8 14. b4 Qe7 15.
b5 c5 16. Rac1 cxd4 17. Nxd4 Bxd3 18. Qxd3 Bxh2+ 19. Kxh2 Ng4+ 20. Kg1 Qh4 21.
Nf3 Qxf2+ 22. Kh1 Rcd8 23. Qf1 Rd5 24. Qxf2 Nxf2+ 25. Kg1 Nxd1 26. Rxd1 Rc8 27.
Kf2 Rc2 28. Ke2 f6 29. Ra1 Kf7 30. Ra3 g5 31. Rd3 Rxd3 32. Kxd3 Ra2 33. a5 a6
34. b6 e5 35. Ke2 Ke6 36. g4 Ra4 37. Nh2 h5 38. gxh5 Rh4 39. Nf1 Rxh5 40. Ng3
Rh2+ 41. Kd3 Kd5 42. Ne4 Rh6 43. Ng3 Rh3 44. Ne4 Rh6 45. Ng3 Ke6 46. Ne4 Kd5 47.
Nc3+ Ke6 48. Ne4 Rh7 49. Nc5+ Kd5 50. Ne4 Rf7 51. Nc3+ Ke6 52. Ne4 g4 53. Ng3 f5
54. Ke2 f4 55. exf4 exf4 56. Ne4 f3+ 57. Kf2 Ke5 58. Ng5 Rd7 59. Be1 Kf5 60.
Nxf3 gxf3 61. Kxf3 Rd3+ 62. Ke2 Ke4 63. Bd2 Rxd2+ 64. Kxd2 Kd4 65. Kc2 Kc4 66.
Kb2 Kb4 67. Ka2 Kxa5 68. Kb3 Kxb6 69. Kb4 Kc6 70. Ka5 Kc5 71. Ka4 b6 72. Kb3 b5
73. Kc3 a5 74. Kb3 Kd4 75. Ka3 Kc3 76. Ka2 b4 77. Kb1 Kb3 78. Ka1 Kc2 79. Ka2
b3+ {White resigns} 0-1